 Dungeon Crawl Stone Soup version 0.27-a0-1140-g099f9bb0e8 (webtiles) character file.

Game seed: 7722269283132504180

147 pokeman the Magician (level 5, -6/29 HPs)
             Began as a Deep Elf Hedge Wizard on May 8, 2021.
             Killed by nerve-wracking pain
             ... invoked by Grinder
              (14 damage)
             ... on level 3 of the Dungeon.
             The game lasted 00:08:02 (4635 turns).

pokeman the Magician (Deep Elf Hedge Wizard)        Turns: 4635, Time: 00:08:02

Health: -6/29      AC:  3    Str:  7    XL:     5   Next: 8%
Magic:  10/15      EV: 13    Int: 20    God:
Gold:   96         SH:  0    Dex: 14    Spells: 5/16 levels left

rFire    . . .     SeeInvis .   l - +0 dagger (protect)
rCold    . . .     Faith    .   (no shield)
rNeg     . . .     Spirit   .   b - +0 robe
rPois    .         Reflect  .   h - +0 helmet
rElec    .         Harm     .   (no cloak)
rCorr    .         Rampage  .   (no gloves)
Will     .....                  (no boots)
Stlth    ++........             (no amulet)
HPRegen  0.09/turn              (no ring)
MPRegen  0.14/turn              (no ring)

@: no status effects
A: no striking features
a: no special abilities


You were on level 3 of the Dungeon.
You visited 1 branch of the dungeon, and saw 3 of its levels.

You collected 96 gold pieces.

Inventory:

Hand Weapons
 l - a +0 dagger of protection (weapon)
Missiles
 i - 23 arrows
 p - 26 bolts
Armour
 b - a +0 robe (worn)
 h - a +0 helmet (worn)
Scrolls
 a - a scroll of teleportation {unknown}
 d - 4 scrolls of identify {unknown}
 e - a scroll of enchant armour {unknown}
 f - 2 scrolls of torment {unknown}
 g - a scroll of enchant weapon {unknown}
 k - a scroll of fear {unknown}
 n - a scroll of noise {unknown}
Potions
 c - a potion of curing {unknown}
 j - a potion of heal wounds {unknown}
 m - a potion of berserk rage {unknown}
 o - a potion of might {unknown}


   Skills:
 - Level 1.0 Fighting
 - Level 1.0 Armour
 - Level 3.0 Dodging
 + Level 2.4 Stealth
 * Level 6.0 Spellcasting
 + Level 2.6 Conjurations
 - Level 1.1 Summonings
 - Level 1.1 Translocations
 - Level 1.0 Fire Magic
 + Level 0.4 Air Magic


You had 5 spell levels left.
You knew the following spells:

 Your Spells              Type           Power      Damage    Failure   Level
a - Magic Dart            Conj           64%        1d6       3%          1
b - Mephitic Cloud        Conj/Pois/Air  10%        N/A       21%         3
c - Call Imp              Summ           10%        N/A       10%         2
d - Blink                 Tloc           N/A        N/A       10%         2
e - Conjure Flame         Conj/Fire      13%        6-21      16%         3

Your spell library contained the following spells:

 Spells                   Type           Power      Damage    Failure   Level
 Slow                     Hex            6%         N/A       16%         2


Dungeon Overview and Level Annotations

Branches:
Dungeon (3/15)

Altars:
Xom

Annotations:
D:3 Grinder


Message History

The magic dart hits Grinder.
Grinder is lightly wounded.
Casting: Magic Dart (safe; 3% risk of failure)
Confirm with . or Enter, or press ? or * to list all spells.
Aiming: Magic Dart (safe; 3% risk of failure)
Press: ? - help, Shift-Dir - straight line, f/p - Grinder
Aim: Grinder (lightly wounded, 100% to hit)
The magic dart hits Grinder.
Grinder is lightly wounded.
Casting: Magic Dart (safe; 3% risk of failure)
Confirm with . or Enter, or press ? or * to list all spells.
Aiming: Magic Dart (safe; 3% risk of failure)
Press: ? - help, Shift-Dir - straight line, f/p - Grinder
Aim: Grinder (lightly wounded, 100% to hit)
The magic dart hits Grinder.
Grinder is moderately wounded.
Casting: Magic Dart (safe; 3% risk of failure)
Confirm with . or Enter, or press ? or * to list all spells.
Aiming: Magic Dart (safe; 3% risk of failure)
Press: ? - help, Shift-Dir - straight line, f/p - Grinder
Aim: Grinder (moderately wounded, 100% to hit)
The magic dart hits Grinder.
Grinder is moderately wounded.
Casting: Magic Dart (safe; 3% risk of failure)
Confirm with . or Enter, or press ? or * to list all spells.
A beastly little devil appears in a puff of flame.
Grinder gestures at you.
You suddenly lose the ability to move!
Your crimson imp blinks!
Grinder hits you!
You writhe in agony.
Grinder hits you. x2
You writhe in agony.
* * * LOW HITPOINT WARNING * * *
Grinder gestures at you.
You shrug off the repeated paralysis!
Your crimson imp hits Grinder.
You can move again.
Your crimson imp blinks!
Grinder gestures at you. Pain shoots through your body!
You die...

#############
...).....5..# ###
.##########@# ..#
#.# #.###.# #.#
......# #.#
#.########## #.#
...........### #.#
..####.......# #.#
.............###.#
..####........##.#


You could see Grinder.

Vanquished Creatures
  4 adders
  2 worms
  2 dart slugs
  4 orcs
  6 ball pythons
  5 bats
  7 endoplasms
  12 giant cockroaches (D:3)
  4 goblins
  7 hobgoblins
  5 jackals
  6 kobolds
  A quokka (D:3)
  A frilled lizard (D:2)
  9 rats
75 creatures vanquished.

Vanquished Creatures (collateral kills)
  An adder (D:3)
  2 worms (D:2)
  An orc (D:2)
  A goblin (D:2)
  A hobgoblin (D:2)
  3 jackals (D:2)
  A frilled lizard (D:2)
10 creatures vanquished.

Grand Total: 85 creatures vanquished

Notes
Turn   | Place    | Note
-------+----------+-------------------------------------------
     0 | D:1      | pokeman the Deep Elf Hedge Wizard began the quest for the
                  | Orb.
     0 | D:1      | Reached XP level 1. HP: 10/10 MP: 7/7
   363 | D:1      | Reached XP level 2. HP: 16/16 MP: 4/9
   892 | D:1      | You fall into a shaft and drop 1 floor!
   946 | D:2      | Reached skill level 5 in Spellcasting
  1087 | D:2      | Reached XP level 3. HP: 20/20 MP: 7/11
  1091 | D:2      | Learned a level 3 spell: Mephitic Cloud
  1094 | D:2      | Learned a level 2 spell: Call Imp
  1097 | D:2      | Learned a level 2 spell: Blink
  1101 | D:2      | Learned a level 3 spell: Conjure Flame
  2075 | D:1      | Reached skill level 1 in Armour
  2159 | D:2      | Reached skill level 1 in Fighting
  2382 | D:2      | Reached XP level 4. HP: 14/25 MP: 4/13
  2612 | D:2      | Found a shimmering altar of Xom.
  3407 | D:3      | Found a shimmering altar of Xom.
  3409 | D:3      | Found a shimmering altar of Xom.
  3410 | D:3      | Found a shimmering altar of Xom.
  3411 | D:3      | Found a shimmering altar of Xom.
  3412 | D:3      | Found a shimmering altar of Xom.
  3720 | D:3      | Reached skill level 1 in Fire Magic
  4426 | D:3      | Reached skill level 6 in Spellcasting
  4429 | D:3      | Reached XP level 5. HP: 29/29 MP: 8/15
  4621 | D:3      | Noticed Grinder
  4626 | D:3      | Paralysed by Grinder for 6 turns
  4635 | D:3      | Killed from afar by Grinder

Illustrated notes

Levels and vault maps discovered:
D:1:      dpeg_arrival_rooms_with_view, layout_loops_ring,
          kennysheep_pointless_box, hex_tiny
D:2:      layout_basic, basic_altar
D:3:      minmay_roachtagon, layout_loops_ring, xom_redecorated, uniq_grinder

Skill      XL: |  1  2  3  4 |
---------------+-------------+-----
Spellcasting   | 5 6 |  6.0
Armour         | 1 |  1.0
Fighting       | 1 |  1.0
Conjurations   | 2 |  2.6
Fire Magic     | 1 |  1.0
Dodging        | 3 |  3.0
Stealth        | |  2.4
Summonings     | |  1.1
Translocations | |  1.1
Air Magic      | |  0.4

Action                   |  1- 3 |  4- 6 || total
-------------------------+-------+-------++-------
Melee: Dagger            |     8 |    16 ||    24
 Cast: Magic Dart        |   119 |   108 ||   227
       Call Imp          |     6 |    10 ||    16
       Conjure Flame     |     1 |       ||     1
       Mephitic Cloud    |     1 |       ||     1
       Blink             |       |     1 ||     1
 Stab: Sleeping          |     1 |       ||     1
Armor: Robe              |     2 |    21 ||    23
Dodge: Dodged            |     8 |    41 ||    49

Table legend: (Time is in decaauts)
 A = Elapsed time spent in this place.
 B = Non-inter-level travel time spent in this place.
 C = Inter-level travel time spent in this place.
 D = Time resting spent in this place.
 E = Time spent auto-exploring this place.
 F = Levels seen in this place.
 G = Mean time per level.
                   A        B        C        D        E       F      G
               +--------+--------+--------+--------+--------+-----+--------+
         Total |   4638 |   4485 |    153 |    383 |   3482 |   3 | 1546.0 |
       Dungeon |   4638 |   4485 |    153 |    383 |   3482 |   3 | 1546.0 |
               +--------+--------+--------+--------+--------+-----+--------+

Top non-repeatable levels by time:
     D:2: 2216 daAuts
     D:3: 1302 daAuts
     D:1: 1119 daAuts
